 Dungeon Crawl Stone Soup version 0.17-a0-2127-g1cb09f6 (console) character file.

93 endege the Skirmisher (level 4, 0/45 HPs)
             Began as a Troll Fighter on Oct 23, 2015.
             Killed from afar by an orc wizard (7 damage)
             ... with a puff of flame
             ... on level 3 of the Dungeon.
             The game lasted 00:07:53 (1658 turns).

endege the Skirmisher (Troll Fighter)               Turns: 1658, Time: 00:07:53

Health: 0/45       AC:  6    Str: 29    XL:     4   Next: 36%
Magic:  3/3        EV:  8    Int:  4    God:
Gold:   127        SH: 10    Dex: 10    Spells: 0 memorised, 3 levels left

rFire  . . .     SeeInvis .     a - +0 flail
rCold  + . .     Clarity  .     b - +0 robe
rNeg   . . .     SustAt   .     c - +1 shield
rPois  .         Gourm    +     (helmet restricted)
rElec  .         Spirit   .     j - +0 cloak
rCorr  .         Warding  .     (gloves unavailable)
rMut   .         Rnd*Tele +     (boots unavailable)
MR     .....                    (no amulet)
Stlth  +.........               h - ring of teleportation
                                g - ring of protection from cold

@: mighty, lethally poisoned (0 -> 0), not resistant to hostile enchantments,
very unstealthy
A: unfitting armour, claws 3, fast metabolism 3, gourmand, regeneration 2,
shaggy fur 1, tough skin 2
a: Evoke Teleportation


You were on level 3 of the Dungeon.
You were not hungry.

You visited 1 branch of the dungeon, and saw 3 of its levels.

You collected 127 gold pieces.

Inventory:

Hand Weapons
 a - a +0 flail (weapon)
Missiles
 l - 11 arrows of frost
Armour
 b - a +0 robe (worn)
 c - a +1 shield (worn)
 j - a +0 cloak (worn)
Jewellery
 g - a ring of protection from cold (left claw)
 h - a ring of teleportation (right claw)
Scrolls
 i - 2 scrolls of teleportation
 k - a scroll of enchant armour
 m - a scroll of remove curse
 n - a scroll of identify
 o - a scroll of magic mapping
Comestibles
 e - 4 bread rations
 f - 4 chunks of flesh


   Skills:
 + Level 3.1 Fighting
 + Level 2.6 Maces & Flails
 + Level 2.9 Dodging
 + Level 2.8 Shields


You had 3 spell levels left.
You didn't know any spells.

Dungeon Overview and Level Annotations

Branches:
Dungeon (3/15)

Altars:


Innate Abilities, Weirdness & Mutations

You are too large for most types of armour.
You have claws for hands.
Your metabolism is lightning-fast.
You like to eat raw meat.
You heal very quickly.
You are covered in fur (AC +1).
You have very tough skin (AC +2).


Message History

A magic dart appears from out of thin air!
The magic dart hits you!
* * * LOW HITPOINT WARNING * * *
Drink which item? (? for menu, Esc to quit)
You feel very mighty all of a sudden.
You feel sick. You block its attack.
You miss something.
You feel sick.
You hear some strange, mumbled words.
A magic dart appears from out of thin air!
The magic dart hits you!
* * * LOW HITPOINT WARNING * * *
You miss something.
You feel sick.
You hear some strange, mumbled words.
A puff of frost appears from out of thin air!
The puff of frost misses you.
You barely miss something.
You feel sick.
You hear some strange, mumbled words.
A puff of flame appears from out of thin air!
The puff of flame hits you!
You die...

### #.###############
#
#...............##....
#.#............o...#
#....).....o###o#..#
########.#######o# .#
# ...............#{#
.# ########.#####.#@#
.# #.# #.#.# ## #.#
#.#.# #.# #.#.#
########.# #.#.#
#......#.# #.#.#
.......#.#####.#.#
.......#.......#.#
.......#########.#


You could see 2 orcs.

Vanquished Creatures
  3 adders (D:2)
  3 worms
  2 orcs (D:3)
  2 ball pythons
  8 goblins
  5 hobgoblins
  5 jackals
  5 kobolds
  2 quokkas
  7 bats
  A giant gecko (D:2)
  8 rats
51 creatures vanquished.

Notes
Turn   | Place    | Note
--------------------------------------------------------------
     0 | D:1      | endege the Troll Fighter began the quest for the Orb.
     0 | D:1      | Reached XP level 1. HP: 22/22 MP: 0/0
   166 | D:2      | Reached XP level 2. HP: 29/29 MP: 1/1
   538 | D:2      | Reached XP level 3. HP: 36/36 MP: 2/2
   829 | D:2      | Reached skill level 3 in Fighting
   955 | D:2      | Reached XP level 4. HP: 42/45 MP: 3/3
  1658 | D:3      | Killed from afar by an orc wizard

Vault maps used:
D:1:      ldierk_walled_garden
D:3:      first_bread

Action                   |  1- 3 |  4- 6 || total
-------------------------+-------+-------++-------
Melee: Flail             |   103 |    69 ||   172
  Use: Scroll            |     7 |       ||     7
       Potion            |     1 |     2 ||     3
  Eat: Chunk             |    10 |     3 ||    13
